 Dungeon Crawl Stone Soup version 0.30.1-4-g462c640d31 (webtiles) character file.

Game seed: 744235327334087975

52 arthad the Insei (level 4, -1/33 HPs)
             Began as a Djinni Transmuter on Aug 24, 2023.
             Slain by Terence
             ... wielding a +0 falchion
              (7 damage)
             ... on level 2 of the Dungeon.
             The game lasted 00:02:53 (1296 turns).

arthad the Insei (Djinni Transmuter)                Turns: 1296, Time: 00:02:54

Health: -1/33      AC:  2    Str:  9    XL:     4   Next: 8%
Gold:   88         EV: 20    Int: 17    God:
                   SH:  0    Dex: 18

rFire   . .          .
                       - Unarmed
rCold   . . .        (shield currently unavailable)
rNeg    . . .        a - melded +0 robe
rPois   ∞            (helmet currently unavailable)
rElec   .            (cloak currently unavailable)
rCorr   .            (gloves currently unavailable)
SInv    .            (boots unavailable)
Will    .....        (no amulet)
Stlth   ++           (no ring)
HPRegen 0.25/turn    (no ring)
MPRegen 0.00/turn

%: infuse magic (-2 HP)
@: spider-form (expiring), flying
A: venomous fangs, flying, sickness immunity, tiny, (fire resistance 2), (cold
vulnerability 1), float, innate caster, HP casting, extra vitality 1
a: End Transformation


You were on level 2 of the Dungeon.
You were a venomous arachnid creature.
You visited 1 branch of the dungeon, and saw 2 of its levels.

You collected 88 gold pieces.

Inventory:

Missiles
 c - 6 poisoned darts
Armour
 a - a +0 robe (melded)
Scrolls
 d - 2 scrolls of teleportation {unknown}
 e - 3 scrolls of identify {unknown}
 i - a scroll of immolation {unknown}
 j - a scroll of silence {unknown}
 k - a scroll of vulnerability {unknown}
Potions
 b - a potion of lignification
 f - a potion of heal wounds
 g - a potion of invisibility {unknown}
 h - a potion of attraction {unknown}


   Skills:
 * Level 1.9 Fighting
 * Level 2.8 Dodging
 * Level 3.5 Unarmed Combat
 * Level 2.0 Spellcasting


You knew the following spells:

 Your Spells              Type           Power      Damage    Failure   Level
a - Beastly Appendage     Tmut           16%        N/A       22%         1
b - Wereblood             Tmut           8%         N/A       30%         2
c - Spider Form           Tmut/Pois      8%         N/A       47%         3
d - Ice Form              Ice/Tmut       8%         N/A       82%         4
e - Sandblast             Erth           16%        2d6       22%         1
Your spell library was empty.

Dungeon Overview and Level Annotations

Branches:
Dungeon (2/15)

Altars:
Wu Jian

Annotations:
D:2 Terence


Innate Abilities, Weirdness & Mutations

You are a venomous arachnid creature.
You have venomous fangs.
You are tiny and dextrous.
You are flying.
Your spellcasting is less reliable in this form.
Your armour is entirely melded.
You are incapable of wielding weapons or throwing items.
You are immune to sickness and miasma.
You are immune to poison.
((Your flesh is very heat resistant. (rF++)))
((You are vulnerable to cold. (rC-)))
You float through the air rather than walking.
You learn spells naturally, not from books.
Your magical power is your life essence.
You have superior vitality. (+4 MHP)


Message History

Terence hits you with a +0 falchion.
You are too injured to fight recklessly!
You are too injured to fight recklessly!
You are too injured to fight recklessly!
You are too injured to fight recklessly!
You are too injured to fight recklessly!
You are too injured to fight recklessly!
You are too injured to fight recklessly!
You are too injured to fight recklessly!
You are too injured to fight recklessly!
You are too injured to fight recklessly!
You are too injured to fight recklessly!
Casting: Sandblast (safe; 9% risk of failure)
Confirm with . or Enter, or press ? or * to list all spells.
You turn into a venomous arachnid creature.
Your +0 robe melds into your body.
Terence bares his teeth.
Terence completely misses you.
You hit Terence but do no damage.
Terence is poisoned.
Terence is moderately wounded.
Terence misses you.
You hit Terence but do no damage.
Terence looks as sick as possible!
Terence is heavily wounded.
Terence hits you with a +0 falchion!
* * * LOW HITPOINT WARNING * * *
You barely miss Terence.
Terence is heavily wounded.
Terence completely misses you.
You hit Terence but do no damage.
Terence looks as sick as possible!
Terence is heavily wounded.
Your transformation is almost over.
Terence barely misses you.
You hit Terence.
Terence is severely wounded.
Terence barely misses you.
You hit Terence.
Terence looks as sick as possible!
Terence is severely wounded.
Terence completely misses you. Terence attacks as you move away!
Terence hits you with a +0 falchion!
You die...

#....#..#
#...###.# ###
####.### #.#
#..
##########....#
#.# #..
.......#......#
#.# #..
.......#......#
#.# #.†
.......#......#
#.# #..
....J#......#
#.## #..
.SS##s#####
#..###.. #S#@.#
##...... #S..##
####### #####


You could see Terence (extremely poisoned) and an adder.

Vanquished Creatures
  2 adders (D:2)
  A worm (D:2)
  3 dart slugs (D:2)
  3 endoplasms
  A giant cockroach (D:1)
  2 goblins
  A hobgoblin (D:1)
  A quokka (D:1)
  4 ball pythons
  2 bats (D:1)
  A kobold (D:1)
  7 rats
28 creatures vanquished.

Notes
Turn   | Place    | Note
-------+----------+-------------------------------------------
     0 | D:1      | arthad the Djinni Transmuter began the quest for the Orb.
     0 | D:1      | arthad set off with the following spells memorised: Beastly
                  | Appendage, Wereblood, Spider Form, Ice Form.
     0 | D:1      | Reached XP level 1. HP: 17/17 MP: 0/0
   341 | D:1      | Reached XP level 2. HP: 8/22 MP: 0/0
   705 | D:2      | Reached XP level 3. HP: 27/27 MP: 0/0
   705 | D:2      | Learned a level 1 spell: Sandblast
   757 | D:2      | Found an ornate altar of the Wu Jian Council.
  1148 | D:2      | Reached XP level 4. HP: 25/33 MP: 0/0
  1274 | D:2      | Noticed Terence
  1296 | D:2      | Slain by Terence

Illustrated notes

Levels and vault maps discovered:
D:1:      sevenhm_arrival_forest_fort_small_5, layout_rooms
D:2:      layout_rooms, dreamdust_ecumenical_altar_hidden_monk_grotto,
          basic_altar, minmay_crystal_room, uniq_terence

Skill      XL: |  1  2  3 |
---------------+----------+-----
Spellcasting   | 2 |  2.0
Fighting       | |  1.9
Dodging        | |  2.8
Unarmed Combat | |  3.5

Action                     |  1- 3 |  4- 6 || total
---------------------------+-------+-------++-------
  Melee: Unarmed           |    91 |    14 ||   105
         Headbutt          |     3 |       ||     3
         Punch             |     4 |     1 ||     5
   Cast: Beastly Appendage |     7 |       ||     7
         Sandblast         |    11 |     5 ||    16
         Spider Form       |       |     1 ||     1
    Use: Potion            |     2 |       ||     2
 Armour: Robe              |    27 |       ||    27
         Skin              |     7 |       ||     7
  Dodge: Dodged            |    70 |    13 ||    83
